 Dungeon Crawl Stone Soup version 0.30-a0-187-gd9c2deaf24 (webtiles) character file.

Game seed: 2481196679315602142

155904 Flugkiller the Bludgeoner (level 17, -2/119 HPs)
             Began as a Mummy Delver on Oct 3, 2022.
             Was the Champion of Hepliaklqana.
             Hit by a javelin thrown by a merfolk javelineer (17 damage)
             ... on level 4 of the Shoals.
             The game lasted 00:41:19 (26649 turns).

Flugkiller the Bludgeoner (Mummy Delver)           Turns: 26649, Time: 00:41:20

Health: -2/119     AC: 40    Str: 17    XL:     17   Next: 9%
Magic:  21/25      EV:  6    Int: 10    God:    Hepliaklqana [******]
Gold:   4306       SH:  0    Dex: 19    Spells: 16/16 levels left

rFire   x . .      SeeInvis .    k - +6 great mace (spect)
rCold   + + .      Faith    +    (shield currently unavailable)
rNeg    + + +      Spirit   .    r - +1 crystal plate armour {rC+}
rPois   ∞          Reflect  .    F - +2 helmet
rElec   .          Harm     .    e - +2 cloak
rCorr   .          Rampage  .    Z - +2 pair of gloves
Will    ++...                    N - +2 pair of boots
Stlth   ..........               T - amulet of regeneration
HPRegen 1.19/turn                I - ring of flight
MPRegen 0.19/turn                g - +4 ring of protection

@: flying, studying Fire Magic
A: reduced essence, cold resistance 1, negative energy resistance 3, torment
resistance 2, heat vulnerability 1, in touch with death 2, no potions, faith
a: Renounce Religion, Recall Ancestor, Ancestor Identity, Transference, Idealise


You were on level 4 of the Shoals.
You worshipped Hepliaklqana.
Hepliaklqana was exalted by your worship.
You visited 4 branches of the dungeon, and saw 26 of its levels.
You also visited: Sewer, Bailey, Ice Cave and Volcano.

You collected 4786 gold pieces.
You spent 480 gold pieces at shops.

Inventory:

Hand Weapons
 k - a +6 spectral great mace (weapon)
   (You took it off Rupert on level 13 of the Dungeon)
 V - a +2 great mace of flaming
   (You found it in a volcano)
Missiles
 x - 55 poisoned darts
 G - 67 boomerangs
 L - a curare-tipped dart (quivered)
 P - a throwing net
Armour
 e - a +2 cloak (worn)
   (You found it on level 4 of the Dungeon)
 n - a +1 scale mail of fire resistance
   (You found it on level 5 of the Dungeon)
 r - a +1 crystal plate armour of cold resistance (worn)
   (You found it in an ice cave)
 A - a +0 kite shield
   (You took it off a gnoll sergeant on level 9 of the Dungeon)
 F - a +2 helmet (worn)
   (You found it on level 15 of the Dungeon)
 N - a +2 pair of boots (worn)
   (You found it on level 10 of the Dungeon)
 Z - a +2 pair of gloves (worn)
   (You found it in an ice cave)
Jewellery
 g - a +4 ring of protection (right hand)
   (You found it on level 2 of the Lair of Beasts)
 h - an amulet of the acrobat
   (You found it on level 7 of the Dungeon)
 m - a ring of willpower
   (You found it in an ice cave)
 p - a ring of protection from cold
   (You found it on level 1 of the Lair of Beasts)
 v - an amulet of reflection
   (You found it on level 15 of the Dungeon)
 y - a ring of resist corrosion
   (You found it on level 8 of the Dungeon)
 E - a +6 ring of strength
   (You took it off an orc on level 8 of the Dungeon)
 I - a ring of flight (left hand)
   (You took it off a hobgoblin in a bailey)
 J - the ring "Teitekk" {Fire *Corrode rElec Str+2}
   (You found it on level 1 of the Shoals)

   [ring of fire]

   It enhances your fire magic.
   Str:       It affects your strength (+2).
   rF:        It protects you from fire.
   rC:        It makes you vulnerable to cold.
   rElec:     It insulates you from electricity.
   *Corrode:  It may corrode you when you take damage.
 K - a ring of magical power
   (You found it on level 9 of the Dungeon)
 M - a +6 ring of dexterity
   (You found it on level 10 of the Dungeon)
 T - an amulet of regeneration (around neck)
   (You found it on level 6 of the Dungeon)
Wands
 b - a wand of flame (12)
   (You found it on level 4 of the Lair of Beasts)
 f - a wand of digging (6)
 i - a wand of paralysis (6)
   (You found it on level 13 of the Dungeon)
 B - a wand of polymorph (11)
   (You found it on level 8 of the Dungeon)
 C - a wand of mindburst (16)
   (You found it on level 8 of the Dungeon)
 Q - a wand of iceblast (17)
   (You found it on level 1 of the Lair of Beasts)
 S - a wand of light (8)
   (You found it on level 1 of the Lair of Beasts)
Scrolls
 c - 3 scrolls of fog
 j - a scroll of magic mapping
 l - 2 scrolls of fear
 o - 6 scrolls of amnesia
 q - a scroll of brand weapon
 s - a scroll of immolation
 t - 7 scrolls of teleportation
 u - 4 scrolls of vulnerability
 w - a scroll of summoning
 z - 4 scrolls of blinking
 D - a scroll of silence
 H - a scroll of torment
 U - a scroll of poison
Miscellaneous
 a - a phial of floods
   (You found it in an ice cave)
 Y - a box of beasts
   (You found it in an ice cave)


   Skills:
 + Level 11.9 Fighting
 * Level 16.8 Maces & Flails
 - Level 2.0 Polearms
 + Level 11.6 Armour
 - Level 9.0 Dodging
 - Level 4.1 Stealth
 - Level 11.0 Invocations
 - Level 6.0 Evocations


You had 16 spell levels left.
You didn't know any spells.
Your spell library contained the following spells:

 Spells                   Type           Power      Damage    Failure   Level
 Foxfire                  Conj/Fire      0%         2x1d4     100%        1
 Kiss of Death            Conj/Necr      0%         2d5       100%        1
 Shock                    Conj/Air       0%         1d3       100%        1
 Sting                    Tmut/Pois      0%         1d3       100%        1
 Poisonous Vapours        Pois/Air       0%         N/A       100%        2
 Confusing Touch          Hex            0%         N/A       100%        3
 Dazzling Flash           Conj/Hex       0%         N/A       100%        3
 Gell's Gravitas          Tloc           0%         N/A       100%        3
 Lesser Beckoning         Tloc           0%         N/A       100%        3
 Ozocubu's Armour         Ice            0%         N/A       100%        3
 Swiftness                Air            0%         N/A       100%        3
 Teleport Other           Tloc           0%         N/A       100%        3
 Airstrike                Air            0%         2d(0-16)  100%        4
 Dispel Undead            Necr           0%         3d6       100%        4
 Olgreb's Toxic Radiance  Pois           0%         N/A       100%        4
 Petrify                  Tmut/Erth      0%         N/A       100%        4
 Agony                    Necr           0%         N/A       100%        5
 Alistair's Intoxication  Tmut/Pois      0%         N/A       100%        5
 Borgnjor's Vile Clutch   Necr/Erth      0%         N/A       100%        5
 Fireball                 Conj/Fire      0%         3d3       100%        5
 Irradiate                Conj/Tmut      0%         3d11      100%        5
 Lee's Rapid Deconstruct  Erth           0%         3d5*      100%        5
 Metabolic Englaciation   Hex/Ice        0%         N/A       100%        5
 Silence                  Hex/Air        0%         N/A       100%        5
 Yara's Violent Unravell  Hex/Tmut       0%         3d3       100%        5
 Conjure Ball Lightning   Conj/Air       0%         3x3d6     100%        6
 Eringya's Noxious Bog    Tmut/Pois      0%         N/A       100%        6
 Iron Shot                Conj/Erth      0%         9d1       100%        6
 Starburst                Conj/Fire      0%         6d3       100%        6
 Enfeeble                 Hex            0%         N/A       100%        7
 Ozocubu's Refrigeration  Ice            0%         4d7       100%        7
 Discord                  Hex            0%         N/A       100%        8
 Disjunction              Tloc           0%         N/A       100%        8
 Sublimation of Blood     Necr           Unusable   N/A       N/A         2
 Statue Form              Tmut/Erth      Unusable   N/A       N/A         6

Dungeon Overview and Level Annotations

Branches:
Dungeon (15/15) Zot: 25427  Temple (0/1) D:6            Lair (5/5) D:8 Zot: 24018
 Shoals (4/4) Lair:2 Zot: 20902  Spider (0/4) Lair:2        Slime (0/5) Lair:5
    Orc (2/2) D:11 Zot: 10734     Elf (0/3) Orc:2        Vaults (0/5) D:13
 Depths (0/4) D:15          Sewer (visited)          Bailey (visited)
  IceCv (visited)         Volcano (visited)

Altars:
Cheibriados
Fedhas
Hepliaklqana
Kikubaaqudgha
Makhleb
Nemelex Xobeh
Qazlal
Ru
Trog
Uskayaw
Vehumet
Wu Jian
Yredelemnul

Shops:
D:5 :   Orc:2 ([(:   Shoals:3 ?(*?*

Annotations:
D:4 2 transporters, Flippered's ghost, novice MfFi
D:14 Roxanne


Innate Abilities, Weirdness & Mutations

Your life essence is reduced to manifest your ancestor. (-10% HP)
You are immune to poison.
Your flesh is cold resistant. (rC+)
You are immune to negative energy. (rN+++)
You are immune to unholy pain and torment.
You are vulnerable to heat. (rF-)
You are strongly in touch with the powers of death.
You do not drink.
You have a special connection with the divine. (Faith)


Message History

The faun shouts!
The satyr shoots an arrow.
The arrow hits you!!
The faun points at you and mumbles some strange words.
You easily resist.
The snapping turtle bites you from afar!
You see here a sea snake corpse.
You are too injured to fight recklessly!
You are too injured to fight recklessly!
You bludgeon the satyr!!
The satyr is moderately wounded.
Your +6 spectral great mace hits the satyr!
The snapping turtle bites you from afar.
The satyr shoots an arrow.
The arrow hits your +6 spectral great mace.
Your spectral weapon shares its damage with you!
The faun unwields a +0 sling.
The faun wields a +0 spear.
The faun hits you with a +0 spear!
The sea snake barely misses your +6 spectral great mace.
The cyclops hits you but does no damage.
The snapping turtle bites you from afar!
* * * LOW HITPOINT WARNING * * *
The satyr shoots an arrow.
The arrow hits Lici!!
Lici barely misses the satyr.
Lici hits the cyclops with a +0 broad axe of flaming.
Lici burns the cyclops.
Lici hits the snapping turtle with a +0 broad axe of flaming!
Lici burns the snapping turtle.
The faun unwields a +0 spear.
The faun wields a +0 sling.
The faun shoots a sling bullet.
The sling bullet barely misses you.
The sling bullet hits the plant!
The plant begins to die.
A merfolk javelineer comes into view. It is wielding a +0 vorpal spear.
The cyclops hits Lici but does no damage.
A merfolk siren comes into view. It is wielding a +0 spear.
The merfolk siren chants a haunting song.
You are mesmerised by the merfolk siren!
Lici blocks the snapping turtle's attack.
You hear a loud twanging sound.
The arrow closely misses Lici.
An arrow appears from out of your range of vision.
The arrow hits the plant!!
The plant begins to die.
Lici hits the snapping turtle but does no damage.
Lici barely misses something.
Lici hits the cyclops with a +0 broad axe of flaming.
Lici burns the cyclops.
Things that are here:
a +0 trident; 2 boomerangs You thump the sea snake!
The sea snake is moderately wounded.
Your +6 spectral great mace hits the sea snake!!
The sea snake barely misses you.
The merfolk siren chants its luring song.
The snapping turtle bites Lici!
You hear a loud twanging sound.
Lici blocks the arrow.
You completely miss the sea snake.
The sea snake is heavily wounded.
Your +6 spectral great mace hits the sea snake!!
The sea snake bites you but does no damage.
The merfolk siren chants its luring song.
You barely miss the sea snake.
The sea snake is almost dead.
Your +6 spectral great mace barely misses the sea snake.
The sea snake bites you.
* * * LOW HITPOINT WARNING * * *
The snapping turtle barely misses you.
The merfolk siren chants its luring song.
Hepliaklqana grants Lici healing and protection!
Lici is healed somewhat.
A nearby plant withers and dies.
The sea snake barely misses you.
The faun unwields a +0 sling.
The faun wields a +0 spear.
The faun hits you with a +0 spear!
* * * LOW HITPOINT WARNING * * *
The snapping turtle bites you but does no damage.
The sea snake bites you but does no damage.
You swap places.
Found 4 gold pieces.
A nearby plant withers and dies.
The satyr shoots an arrow.
The arrow barely misses Lici.
The arrow hits the faun!!
The faun gestures at you while chanting.
You resist with almost no effort.
The merfolk siren chants its luring song.
The sea snake bites you!
* * * LOW HITPOINT WARNING * * *
Lici hits the sea snake with a +0 broad axe of flaming!!
Lici burns the sea snake.
The sea snake dies!
Lici hits the snapping turtle with a +0 broad axe of flaming!
Lici burns the snapping turtle.
Lici hits the faun with a +0 broad axe of flaming!!
Lici burns the faun.
The faun dies!
As you read the scroll of fear, it crumbles to dust.
You assume a fearsome visage.
The satyr looks frightened!
The snapping turtle looks frightened!
The faun looks frightened!
The merfolk siren looks frightened!
The merfolk siren stops singing.
You are no longer entranced.
A water nymph comes into view.
Unknown command.
Unknown command.
The merfolk javelineer throws a javelin.
The javelin pierces through Lici.
The javelin pierces through you!
You die...

≈≈≈≈≈≈≈≈≈≈≈≈≈≈≈≈≈≈≈
≈≈≈≈≈≈≈≈≈≈≈≈≈≈≈≈≈≈≈
~~~~~~~~~~~~~~~≈≈≈≈
.P.....P..P..~~~≈≈≈
m......<....P.~~~≈≈
#~.P....P.# P..~~~≈
~PP.......##...~~~~
~mP..~).@..<.P<~~~~
$...#:†)......~~~~~
~ #..##R.....~~~~~
#...†~~~~~~~~~~~
#...Cmct#.#.~~~~
#....~....c#.##.~~~
..~##.#..~.... #.~~
... #.......~.. #.~
~ .~.....~...~


You could see the friendly Lici the knight (idealised), a merfolk javelineer, a
satyr (fleeing), a snapping turtle (fleeing, ally target), a faun (strong,
fleeing), a cyclops and a water nymph.

Vanquished Creatures
  Gastronok (D:8)
  An orc warlord (Orc:1)
  A juggernaut skeleton (D:15)
  An eleionoma (Shoals:2)
  2 merfolk impalers
  A fire dragon (D:15)
  A deep elf high priest (D:12)
  7 hydras
  An alligator snapping turtle (Shoals:3)
  7 centaur warriors
  3 merfolk avatars
  A merfolk aquamancer (Shoals:2)
  A catoblepas (Lair:4)
  6 boulder beetles
  3 satyrs
  A two-headed ogre (D:10)
  An orc high priest (Orc:2)
  2 death yaks (Lair:1)
  A vampire mage (D:15)
  2 tengu warriors
  Urug (Lair:3)
  A flayed ghost (D:12)
  6 sea snakes
  A bog body (IceCv)
  2 lindwurms
  A harpy (Shoals:2)
  6 deep elf pyromancers
  4 orc knights
  2 necromancers
  13 fauns
  3 ugly things
  6 cyclopes
  7 manticores
  3 merfolk sirens
  A black mamba (Lair:1)
  14 elephants
  6 water nymphs
  An ice statue (IceCv)
  4 torpor snails (Lair:5)
  4 gargoyles
  7 cane toads
  8 komodo dragons
  4 kobold demonologists
  4 rime drakes
  A yaktaur (D:15)
  An ice devil (IceCv)
  5 trolls
  A meliai (D:12)
  7 merfolk
  3 polar bears (Lair:5)
  A wind drake (Shoals:3)
  3 tyrant leeches (Lair:5)
  4 hornets (Lair:5)
  11 blink frogs
  Prince Ribbit (Lair:3)
  6 slime creatures
  Grinder (D:6)
  5 snapping turtles
  A dream sheep (Shoals:1)
  A centaur simulacrum (D:14)
  3 wyverns
  3 shadows
  5 water elementals
  2 wraiths
  2 fire elementals (Volcano)
  2 basilisks (Lair:5)
  11 humans (D:13)
  A steam dragon (D:10)
  3 redbacks
  A death yak simulacrum (IceCv)
  22 yaks
  6 vampire mosquitoes
  A harpy simulacrum (IceCv)
  2 wargs (Orc:2)
  6 acid dragons
  12 water moccasins
  A hydra simulacrum (IceCv)
  A swamp drake (Lair:5)
  22 orc warriors
  A sky beast (D:7)
  3 black bears
  An ogre (Orc:2)
  2 wolves (Lair:1)
  8 centaurs
  A boggart (D:14)
  2 lemures (D:8)
  4 kobold brigands
  6 bullfrogs
  3 cane toad simulacra (IceCv)
  3 two-headed ogre simulacra (IceCv)
  6 wights
  An electric eel (D:14)
  4 killer bees
  3 howler monkeys
  2 bullfrog zombies (D:6)
  A centaur zombie (D:6)
  2 hounds
  7 orc priests
  9 iguanas
  13 orc wizards
  3 polar bear simulacra (IceCv)
  2 troll simulacra (IceCv)
  3 spriggan simulacra (IceCv)
  6 wolf simulacra (IceCv)
  4 mummies (D:6)
  A howler monkey zombie (D:6)
  7 gnolls
  2 naga simulacra (IceCv)
  2 adders
  2 river rats
  3 shadow imps
  11 white imps
  6 ufetubi (IceCv)
  45 orcs
  6 ball pythons
  7 endoplasms
  2 giant cockroaches
  11 goblins
  8 hobgoblins
  2 jackals (D:3)
  27 kobolds
  2 quokkas
  5 bats
  2 frilled lizards
  5 rats
  A plant (Shoals:2)
568 creatures vanquished.

Vanquished Creatures (collateral kills)
  Rupert (D:13)
  A kraken (Shoals:1)
  Frances (D:14)
  A shadow dragon (D:14)
  A fire giant (D:14)
  An eleionoma (Shoals:2)
  A crystal guardian (D:14)
  2 fire dragons (Lair:5)
  Josephine (D:11)
  6 hydras
  An alligator snapping turtle (Shoals:2)
  A merfolk avatar (Shoals:1)
  2 boulder beetles
  2 centaur warriors
  A satyr (Shoals:2)
  2 two-headed ogres
  2 death yaks (Lair:1)
  A tengu warrior (D:13)
  A swamp dragon (Lair:5)
  4 sea snakes
  A bog body (IceCv)
  A deep elf archer (Volcano)
  3 harpies (Shoals:2)
  A lindwurm (Lair:5)
  Pikel (D:7)
  7 deep elf pyromancers (Volcano)
  9 fauns
  A fire giant zombie (D:15)
  9 ugly things
  3 cyclopes
  2 orc sorcerers (Orc:2)
  4 manticores
  A wolf spider (shapeshifter) (D:14)
  2 black mambas
  2 water nymphs (Shoals:2)
  A guardian serpent (shapeshifter) (D:14)
  8 elephants
  3 cane toads
  A molten gargoyle (D:14)
  2 torpor snails (Lair:5)
  An unseen horror (shapeshifter) (D:14)
  3 komodo dragons
  An unseen horror (D:12)
  2 efreet (D:13)
  2 guardian mummies (D:15)
  A tengu conjurer (D:15)
  2 trolls
  A polar bear (Lair:3)
  3 hornets (Lair:5)
  6 blink frogs
  7 slime creatures
  3 merfolk
  An ettin zombie (D:15)
  2 dream sheep (Shoals:1)
  A spriggan zombie (D:15)
  A shadow (D:12)
  A wyvern (Lair:3)
  11 yaks
  4 fire elementals (Volcano)
  5 humans (D:13)
  3 water elementals
  5 wraiths
  2 basilisks
  A redback (Lair:2)
  5 vampire mosquitoes
  A steam dragon (D:7)
  Edmund (D:6)
  A hydra simulacrum (IceCv)
  2 hell hounds (Volcano)
  2 swamp drakes (Lair:5)
  8 orc warriors (Orc:2)
  An ice beast (D:6)
  2 sky beasts (D:6)
  A black bear (D:7)
  4 ogres
  3 centaurs
  3 wolves (Lair:1)
  2 kobold brigands
  2 two-headed ogre simulacra (IceCv)
  2 bullfrogs
  2 gnoll sergeants
  3 necrophages
  A scorpion (D:5)
  A wight (D:8)
  An elephant simulacrum (IceCv)
  5 killer bees
  4 howler monkeys
  A jelly (D:4)
  A lava snake (D:14)
  2 hounds (D:5)
  Crazy Yiuf (D:4)
  A human zombie (D:6)
  9 orc priests
  3 iguanas (Lair:3)
  9 orc wizards
  A spriggan simulacrum (IceCv)
  A hell rat (Sewer)
  2 troll simulacra (IceCv)
  5 gnolls
  An adder (D:5)
  A shadow imp (D:7)
  10 white imps
  2 ufetubi (IceCv)
  A dart slug (D:5)
  50 orcs
  A ball python (D:4)
  3 goblins
  3 hobgoblins
  2 quokkas (D:5)
  10 kobolds
  4 rats
  A butterfly (Lair:1)
  2 tentacles (Shoals:1)
348 creatures vanquished.

Vanquished Creatures (others)
  2 orc wizards
  22 knights
  2 orcs (Orc:2)
  A bush (Lair:4)
  24 fungi
  160 plants
  2 tentacles (Shoals:1)
  A withered plant (D:15)
214 creatures vanquished.

Grand Total: 1130 creatures vanquished

Notes
Turn   | Place    | Note
-------+----------+-------------------------------------------
     0 | D:5      | Flugkiller the Mummy Delver began the quest for the Orb.
     0 | D:5      | Reached XP level 1. HP: 18/18 MP: 1/1
     2 | D:5      | Noticed a jelly
    16 | D:5      | Noticed a hound
    52 | D:4      | Reached XP level 2. HP: 5/24 MP: 2/2
   150 | D:4      | Noticed an ogre
   153 | D:4      | Noticed an ogre
   295 | D:3      | Found a stormy altar of Qazlal.
   728 | D:1      | Gained mutation: You are in touch with the powers of death.
                  | [Mummy growth]
   728 | D:1      | Reached XP level 3. HP: 27/29 MP: 3/3
   785 | D:1      | Found a faded altar of an unknown god.
   876 | D:1      | Prayed at the altar of an unknown god.
   876 | D:1      | Became a worshipper of Hepliaklqana the Forgotten
   876 | D:1      | Reached * piety under Hepliaklqana
  1427 | D:2      | Reached ** piety under Hepliaklqana
  1428 | D:2      | Remembered your ancestor Lici as a knight
  1822 | D:3      | Reached XP level 4. HP: 31/31 MP: 4/4
  1943 | D:3      | Found a sacrificial altar of Ru.
  1943 | D:3      | Found a hide-covered altar of Uskayaw.
  1945 | D:3      | Found a bloodstained altar of Trog.
  1945 | D:3      | Found a blossoming altar of Fedhas.
  2005 | D:3      | Found a burning altar of Makhleb.
  2005 | D:3      | Noticed a cacodemon
  2008 | D:3      | Noticed an orange demon
  2008 | D:3      | Noticed a hellwing
  2343 | D:4      | Found a transporter.
  2347 | D:4      | Noticed Flippered's ghost (novice MfFi)
  2365 | D:4      | Found a transporter.
  2693 | D:4      | Killed an ogre
  2694 | D:4      | Reached XP level 5. HP: 25/37 MP: 5/5
  3122 | D:4      | Reached *** piety under Hepliaklqana
  3232 | D:4      | Found a runed translucent door.
  3233 | D:4      | Noticed Crazy Yiuf
  3673 | D:4      | Killed Crazy Yiuf
  3900 | D:4      | Killed an ogre
  3901 | D:4      | Reached skill level 5 in Dodging
  3901 | D:4      | Reached XP level 6. HP: 43/43 MP: 6/6
  3972 | D:4      | Found a transporter.
  4103 | D:4      | Found a transporter.
  4567 | D:5      | Found a sparkling altar of Nemelex Xobeh.
  4596 | D:5      | Reached skill level 5 in Fighting
  4653 | D:5      | Found Meogatapn's Book Shoppe.
  4663 | D:5      | Identified a scroll of acquirement
  4708 | D:5      | Reached skill level 1 in Armour
  4708 | D:5      | Reached XP level 7. HP: 29/50 MP: 7/7
  5075 | D:6      | Noticed Edmund
  5087 | D:6      | Killed Edmund
  5164 | D:6      | Noticed Grinder
  5180 | D:6      | Killed Grinder
  5181 | D:6      | Reached skill level 1 in Maces & Flails
  5181 | D:6      | Reached XP level 8. HP: 37/57 MP: 8/8
  5198 | D:6      | Found a glowing drain.
  5203 | Sewer    | Entered a sewer
  5278 | D:6      | Acquired 694 gold pieces
  5325 | D:6      | Reached skill level 2 in Maces & Flails
  5544 | D:6      | Found a basalt altar of Yredelemnul.
  5689 | D:6      | Reached skill level 3 in Maces & Flails
  6032 | D:6      | Found a staircase to the Ecumenical Temple.
  6126 | D:6      | Reached skill level 5 in Armour
  6192 | D:6      | Reached skill level 4 in Maces & Flails
  6437 | D:7      | Reached **** piety under Hepliaklqana
  6594 | D:7      | Reached skill level 5 in Maces & Flails
  6594 | D:7      | Reached XP level 9. HP: 35/62 MP: 9/9
  6795 | D:7      | Found an ornate altar of the Wu Jian Council.
  6815 | D:7      | Found a snail-covered altar of Cheibriados.
  6855 | D:7      | Reached skill level 6 in Maces & Flails
  6980 | D:8      | Noticed Pikel
  7048 | D:7      | Killed Pikel
  7049 | D:7      | Reached skill level 7 in Maces & Flails
  7179 | D:8      | Found a staircase to the Lair.
  7179 | D:8      | Noticed an elephant
  7192 | D:8      | Reached skill level 8 in Maces & Flails
  7201 | D:8      | Killed an elephant
  7202 | D:8      | Reached XP level 10. HP: 41/68 MP: 10/10
  7347 | D:8      | Found an ancient bone altar of Kikubaaqudgha.
  7652 | D:8      | Noticed Gastronok
  7718 | D:8      | Killed Gastronok
  7900 | D:9      | Found a flagged portal.
  7910 | Bailey   | Entered a bailey
  7914 | Bailey   | Reached ***** piety under Hepliaklqana
  7925 | Bailey   | Noticed an orc knight
  7936 | Bailey   | an orc knight changed into a redback
  7955 | Bailey   | Noticed an orc knight
  8066 | Bailey   | Killed an orc knight
  8522 | D:9      | Noticed a five-headed hydra
  8719 | D:9      | Killed a five-headed hydra
  8720 | D:9      | Reached XP level 11. HP: 28/76 MP: 11/11
  9035 | D:10     | Entered Level 10 of the Dungeon
  9643 | D:10     | Noticed a two-headed ogre
  9653 | D:10     | Killed a two-headed ogre
  9878 | D:10     | Reached skill level 1 in Invocations
 10019 | D:11     | Noticed a two-headed ogre
 10030 | D:11     | Killed a two-headed ogre
 10031 | D:11     | Reached skill level 1 in Evocations
 10210 | D:11     | Noticed Josephine
 10340 | D:11     | Killed Josephine
 10555 | D:11     | Found a staircase to the Orcish Mines.
 10669 | Lair:1   | Entered Level 1 of the Lair of Beasts
 10758 | Lair:1   | Got Fewoed's Catalogue of Earth
 10857 | Lair:1   | Reached XP level 12. HP: 80/85 MP: 13/15
 10893 | Lair:1   | HP: 2/87 [blink frog (8)]
 10956 | Lair:1   | Reached ****** piety under Hepliaklqana
 11050 | Lair:1   | Found a dark tunnel.
 11112 | Volcano  | Entered a volcano
 11185 | Volcano  | Reached skill level 5 in Invocations
 11191 | Volcano  | Reached skill level 10 in Fighting
 11269 | Volcano  | Reached skill level 5 in Evocations
 11483 | Lair:1   | Acquired 652 gold pieces
 11779 | Lair:1   | Noticed a death yak
 11780 | Lair:1   | Noticed a death yak
 11781 | Lair:1   | Noticed a death yak
 11782 | Lair:1   | Noticed a death yak
 11860 | Lair:1   | Killed a death yak
 12195 | Lair:1   | Killed a death yak
 12196 | Lair:1   | Killed a death yak
 12201 | Lair:1   | Killed a death yak
 12304 | Lair:2   | Found a frozen archway.
 12319 | Lair:2   | Gained mutation: You are strongly in touch with the powers
                  | of death. [Mummy growth]
 12319 | Lair:2   | Reached XP level 13. HP: 81/92 MP: 18/18
 12333 | IceCv    | Entered an ice cave
 12618 | IceCv    | Reached skill level 9 in Maces & Flails
 13023 | Lair:2   | Found a hole to the Spider Nest.
 13261 | Lair:2   | Found a staircase to the Shoals.
 13757 | Lair:3   | Noticed Prince Ribbit
 13764 | Lair:3   | Killed Prince Ribbit
 14206 | Lair:3   | Reached skill level 10 in Maces & Flails
 14268 | Lair:3   | Noticed Urug
 14282 | Lair:3   | Killed Urug
 14855 | Lair:4   | You fall into a shaft and drop 1 floor!
 14855 | Lair:5   | Entered Level 5 of the Lair of Beasts
 15121 | Lair:5   | Noticed a fire dragon
 15133 | Lair:5   | Killed a fire dragon
 15246 | Lair:5   | Reached XP level 14. HP: 101/101 MP: 20/20
 15257 | Lair:5   | Reached skill level 11 in Maces & Flails
 15986 | Lair:5   | Found a runed translucent door.
 16301 | Lair:5   | Found a staircase to the Slime Pits.
 16421 | Lair:5   | Reached skill level 10 in Armour
 16777 | Lair:4   | Reached skill level 12 in Maces & Flails
 16970 | Lair:4   | Identified the +0 plate armour "Lysche" {Rampage}
 18011 | D:12     | Reached XP level 15. HP: 106/106 MP: 21/21
 18509 | D:12     | Found a hide-covered altar of Uskayaw.
 18828 | D:13     | Noticed Rupert
 18828 | D:13     | Found a gate to the Vaults.
 19193 | D:13     | Reached skill level 13 in Maces & Flails
 19349 | D:13     | Killed Rupert
 19350 | D:13     | Reached skill level 10 in Invocations
 20051 | D:14     | Noticed a shadow dragon
 20054 | D:14     | Noticed Frances
 20057 | D:14     | Noticed a fire giant
 20071 | D:14     | Killed Frances
 20076 | D:14     | Killed a shadow dragon
 20080 | D:14     | Killed a fire giant
 20216 | D:14     | Identified Roxanne's Parchment of Metamorphosis
 20216 | D:14     | Noticed Roxanne
 20259 | D:14     | Reached skill level 14 in Maces & Flails
 20674 | D:15     | Entered Level 15 of the Dungeon
 20678 | D:15     | Found a staircase to the Depths.
 20911 | D:15     | Reached XP level 16. HP: 73/112 MP: 24/24
 21210 | D:15     | Found a radiant altar of Vehumet.
 21942 | Orc:1    | Entered Level 1 of the Orcish Mines
 22130 | Orc:2    | Entered Level 2 of the Orcish Mines
 22135 | Orc:2    | Reached skill level 15 in Maces & Flails
 22168 | Orc:2    | Found a staircase to the Elven Halls.
 22908 | Orc:2    | Found Fodio's Weapon Shoppe.
 23017 | Orc:2    | Found Emoor's Book Emporium.
 23143 | Orc:2    | Found Voujisam's Antique Armour Shoppe.
 23145 | Orc:2    | Found Ymua's Antique Weapon Emporium.
 23563 | Shoals:1 | Entered Level 1 of the Shoals
 23970 | Shoals:1 | Noticed a kraken
 23979 | Shoals:1 | Killed a kraken
 23996 | Shoals:1 | Reached skill level 16 in Maces & Flails
 24287 | Shoals:1 | Identified the ring "Teitekk" {Fire *Corrode rElec Str+2}
 25837 | Shoals:3 | Found Wejupyo's Magic Scroll Shoppe.
 25860 | Shoals:3 | Bought a scroll of enchant armour for 90 gold pieces
 25860 | Shoals:3 | Bought a scroll of enchant armour for 90 gold pieces
 25968 | Shoals:3 | Found Lydd's Antique Weapon Shoppe.
 26013 | Shoals:3 | Found Zuxywnobb's Assorted Antiques.
 26045 | Shoals:3 | Bought a scroll of enchant armour for 300 gold pieces
 26071 | Shoals:3 | Found Caokha's General Store.
 26106 | Shoals:3 | Found Kigh's Magic Scroll Boutique.
 26181 | Shoals:3 | Reached XP level 17. HP: 111/119 MP: 25/25
 26627 | Shoals:4 | Entered Level 4 of the Shoals
 26649 | Shoals:4 | Hit by a javelin thrown by a merfolk javelineer

Illustrated notes

Levels and vault maps discovered:
D:1:      roderic_crop_circles_arrival_large, layout_rooms,
          hellmonk_ecumenical_altar_blasted, nicolae_eternal_life
D:2:      layout_basic, basic_altar
D:3:      layout_loops_ring, general_overflow_altar, makhleb_altar_promises_db,
          mainiacjoe_overflow_alcove_3
D:4:      layout_loops_corners, lemuel_coloured_pillars_altar,
          gammafunk_ghost_stat_death, uniq_crazy_yiuf_cottage
D:5:      layout_cave_pools, mainiacjoe_overflow_boulevard, serial_shops,
          nicolae_lakefront_shop
D:6:      layout_basic, lemuel_mausoleum_altar_yredelemnul,
          mainiacjoe_overflow_surrounded_room, minmay_temple_entry_junction,
          gup_sewer_entry_bowl, kennysheep_generic_room_13, uniq_edmund,
          uniq_grinder
D:7:      layout_rooms, overflow_temple_1_default, nzn_wu_jian_contemplation
D:8:      minmay_distorted_concentric_squares, layout_gridville,
          nicolae_kikubaaqudgha_miasma_corner, david_lair_generic,
          kennysheep_generic_room_12, uniq_pikel, uniq_gastronok
D:9:      layout_cave_pools, enter_bailey_5
D:10:     layout_grid_maze, kennysheep_generic_room_4
D:11:     layout_rooms, david_orc_2, nrook_uturn, uniq_josephine
D:12:     nzn_winding_woodlands_stair_trap
          [nzn_winding_woodlands_5x15_sidewinder,
          nzn_winding_woodlands_5x15_pockets, nzn_winding_woodlands_5x15_zeroes,
          nzn_winding_woodlands_15x15_thick_spiral,
          nzn_winding_woodlands_5x15_split_checker,
          nzn_winding_woodlands_5x15_longhouse,
          nzn_winding_woodlands_5x15_jagged], layout_cave_pods,
          minmay_misc_feat_x, nicolae_uskayaw_en_pointe
D:13:     layout_small_grid, david_vaults_3, palyth_stone_intersect
D:14:     minmay_textured_paths, layout_rooms, nicolae_lava_and_water,
          uniq_frances, uniq_roxanne
D:15:     gammafunk_depths_entry_grave, layout_gridville,
          small_statue_intersection, nicolae_vehumet_altar_sigil
Lair:1:   layout_regular_city, nicolae_volcano_entry_vermiform,
          infiniplex_staircase_pool, lemuel_fruit_fields, serial_bayou_shore_a
Lair:2:   layout_cave_shapes, minmay_shoals_entry_lonely_mermaid,
          spider_nest_entry_webs, portal_ice_cave_entry_imps,
          grunt_megastairs_2, infiniplex_staircase_pool_2
Lair:3:   beast_lair_carwin_large_3, layout_cave_pods, uniq_urug,
          uniq_prince_ribbit2
Lair:4:   layout_loops_ring, dreamdust_mushroom_princess, grunt_megastairs_4
Lair:5:   guppyfry_lair_end_dragon, layout_regular_city, wormcave,
          dpeg_slime_entry_enclosed, grunt_megastairs_3
Shoals:1: layout_shoals
Shoals:2: layout_shoals, nicolae_shoals_enchanted_isle
Shoals:3: layout_shoals, serial_shops, shop, nicolae_shop_waterfront,
          shop_fountains, nicolae_shop_overgrown_old_shop, shop_fountains
Shoals:4: shoals_end_hellmonk_lost_city
Orc:1:    layout_caves
Orc:2:    grunt_orc_community_town_hall, layout_diamond_mine,
          grunt_orc_community_big_house_1, grunt_orc_community_big_house_2,
          grunt_orc_community_house_2, grunt_orc_community_house_3,
          grunt_orc_community_house_3, grunt_orc_community_house_1,
          grunt_orc_community_house_2

Skill      XL: |  1  2  3  4  5  6  7  8  9 10 11 12 13 14 15 16 |
---------------+-------------------------------------------------+-----
Dodging        | 2 3 4 5 6 8 9 |  9.0
Fighting       | 4 5 6 7 9 10 11 | 11.9
Polearms       | 2 |  2.0
Armour         | 1 3 5 6 7 8 11 | 11.6
Maces & Flails | 1 5 8 10 12 14 16 | 16.8
Invocations    | 4 7 8 11 | 11.0
Evocations     | 3 6 |  6.0
Stealth        | |  4.1

Action                   |  1- 3 |  4- 6 |  7- 9 | 10-12 | 13-15 | 16-18 || total
-------------------------+-------+-------+-------+-------+-------+-------++-------
Melee: Spear             |   136 |    99 |       |       |       |       ||   235
       Punch             |       |     3 |     4 |     5 |       |       ||    12
       War axe           |       |     6 |    20 |       |       |       ||    26
       Flail             |       |       |   206 |   509 |       |       ||   715
       Great mace        |       |       |       |    51 |  1009 |   442 ||  1502
Throw: Dart              |       |       |       |     7 |     2 |       ||     9
Invok: Ancestor Life: Kn |     1 |       |       |       |       |       ||     1
       Ancestor Identity |     1 |       |       |       |       |       ||     1
       Recall Ancestor   |       |     1 |     1 |     6 |     3 |     6 ||    17
       Idealise          |       |       |       |     3 |    13 |     5 ||    21
       Transference      |       |       |       |     1 |       |       ||     1
Evoke: Wand              |       |       |       |    10 |    11 |       ||    21
       Phial of floods   |       |       |       |       |     2 |       ||     2
  Use: Scroll            |     2 |     7 |     6 |     8 |     7 |    10 ||    40
 Stab: Sleeping          |    12 |     3 |     1 |     1 |       |       ||    17
       Distracted        |     1 |     1 |     1 |     4 |    10 |     8 ||    25
       Paralysed         |       |       |       |     4 |     6 |       ||    10
Armor: Leather armour    |     3 |       |       |       |       |       ||     3
       Ring mail         |    22 |    27 |       |       |       |       ||    49
       Scale mail        |       |     9 |   155 |   331 |     7 |       ||   502
       Crystal plate arm |       |       |       |       |  1113 |   425 ||  1538
       Swamp dragon scal |       |       |       |       |    28 |       ||    28
Dodge: Dodged            |    74 |    62 |   181 |   532 |   533 |   203 ||  1585

Table legend: (Time is in decaauts)
 A = Elapsed time spent in this place.
 B = Non-inter-level travel time spent in this place.
 C = Inter-level travel time spent in this place.
 D = Time resting spent in this place.
 E = Time spent auto-exploring this place.
 F = Levels seen in this place.
 G = Mean time per level.
                   A        B        C        D        E       F      G
               +--------+--------+--------+--------+--------+-----+--------+
         Total |  27093 |  25569 |   1524 |   3591 |  14693 |  30 |  903.1 |
       Dungeon |  15036 |  13944 |   1092 |   1885 |   8586 |  15 | 1002.4 |
          Lair |   5981 |   5715 |    266 |    760 |   3218 |   5 | 1196.2 |
        Shoals |   3096 |   2989 |    107 |    556 |   1693 |   4 |  774.0 |
  Orcish Mines |   1265 |   1207 |     58 |    217 |    618 |   2 |  632.5 |
         Sewer |     85 |     85 |      0 |      0 |     32 |   1 |   85.0 |
        Bailey |    574 |    574 |      0 |      0 |    300 |   1 |  574.0 |
      Ice Cave |    685 |    685 |      0 |     65 |    242 |   1 |  685.0 |
       Volcano |    367 |    367 |      0 |    108 |      2 |   1 |  367.0 |
               +--------+--------+--------+--------+--------+-----+--------+

Top non-repeatable levels by time:
     D:4: 2303 daAuts
  Lair:5: 1832 daAuts
    D:12: 1494 daAuts
     D:6: 1365 daAuts
  Lair:1: 1338 daAuts
    D:15: 1304 daAuts
Shoals:1: 1195 daAuts
    D:10: 1162 daAuts
  Lair:3: 1098 daAuts
Shoals:2: 1095 daAuts
  Lair:4: 958 daAuts
    D:14: 956 daAuts
     D:8: 952 daAuts
    D:13: 948 daAuts
   Orc:2: 865 daAuts
